 Dungeon Crawl Stone Soup version 0.30-a0-509-gd016549fea (webtiles) character file.

Game seed: 12240081477949207517

254 hikkokomori the Sneak (level 5, -6/28 HPs)
             Began as a Deep Elf Air Elementalist on Dec 23, 2022.
             Was an Initiate of Vehumet.
             Mangled by an ogre
             ... wielding a +0 giant club
              (34 damage)
             ... on level 4 of the Dungeon.
             The game lasted 00:05:33 (3678 turns).

hikkokomori the Sneak (Deep Elf Air Elementalist)   Turns: 3678, Time: 00:05:33

Health: -6/28      AC:  3    Str:  5    XL:     5   Next: 90%
Magic:  12/13      EV: 12    Int: 22    God:    Vehumet [......]
Gold:   127        SH:  0    Dex: 15    Spells: 6/12 levels left

rFire   . . .      SeeInvis .    d - +0 sling
rCold   . . .      Faith    .    (no shield)
rNeg    . . .      Spirit   .    a - +0 robe
rPois   .          Reflect  .    (no helmet)
rElec   .          Harm     +    j - +0 cloak
rCorr   .          Rampage  .    (no gloves)
Will    +....                    (no boots)
Stlth   +++.......               t - amulet of Moral Flaws {Harm Regen+}
HPRegen 1.04/turn                r - ring of willpower
MPRegen 0.13/turn                (no ring)

@: no status effects
A: no striking features
a: Renounce Religion


You were on level 4 of the Dungeon.
You worshipped Vehumet.
Vehumet was noncommittal.
You visited 2 branches of the dungeon, and saw 5 of its levels.

You collected 127 gold pieces.

Inventory:

Hand Weapons
 d - a +0 sling (weapon)
Armour
 a - a +0 robe (worn)
 j - a +0 cloak (worn)
Jewellery
 r - a ring of willpower (left hand)
 t - the amulet of Moral Flaws (around neck) {Harm Regen+}
   (You found it on level 4 of the Dungeon)

   [amulet of regeneration]

   Regen:     It increases your rate of health regeneration.
   Harm:      It increases damage dealt and taken.
Scrolls
 e - a scroll of fear {unknown}
 f - 2 scrolls of amnesia {unknown}
 k - 5 scrolls of identify {unknown}
 m - a scroll of magic mapping {unknown}
 n - 3 scrolls of noise {unknown}
 o - a scroll of teleportation {unknown}
 p - a scroll of acquirement {unknown}
 u - a scroll of vulnerability {unknown}
Potions
 b - a potion of magic
 c - 3 potions of degeneration {unknown}
 g - 2 potions of curing {unknown}
 h - a potion of brilliance {unknown}
 i - 2 potions of invisibility {unknown}
 l - a potion of berserk rage {unknown}
 q - 2 potions of heal wounds {unknown}
 s - a potion of experience {unknown}


   Skills:
 + Level 0.0 Fighting
 - Level 2.4 Dodging
 - Level 5.1 Stealth
 + Level 4.2 Spellcasting
 + Level 2.5 Conjurations
 + Level 4.6 Air Magic


You had 6 spell levels left.
You knew the following spells:

 Your Spells              Type           Power      Damage    Failure   Level
a - Shock                 Conj/Air       80%        1d8       2%          1
b - Static Discharge      Conj/Air       40%        2-4/arc   3%          2
c - Swiftness             Air            24%        N/A       4%          3

Your spell library contained the following spells:

 Spells                   Type           Power      Damage    Failure   Level
 Slow                     Hex            16%        N/A       11%         1
 Airstrike                Air            12%        2d(2-18)  16%         4
 Hailstorm                Conj/Ice       10%        3d5       21%         3
 Confusing Touch          Hex            4%         N/A       32%         3
 Inner Flame              Hex/Fire       4%         N/A       32%         3
 Vampiric Draining        Necr           4%         2d6       32%         3
 Cause Fear               Hex            2%         N/A       73%         4
 Ice Form                 Ice/Tmut       4%         N/A       73%         4
 Simulacrum               Ice/Necr       2%         N/A       100%        6
 Discord                  Hex            2%         N/A       100%        8


Dungeon Overview and Level Annotations

Branches:
Dungeon (4/15)             Temple (1/1) D:4

Altars:
Ashenzari
Elyvilon
Fedhas
Gozag
Hepliaklqana
Nemelex Xobeh
Okawaru
Ru
Sif Muna
Trog
Uskayaw
Vehumet
The Shining One

Shops:
D:1 [


Message History

The zap misses the ufetubus.
That beam is likely to hit you.
Continue anyway?
Okay, then.
Casting: Shock (safe; 2% risk of failure)
Confirm with . or Enter, or press ? or * to list all spells.
Aiming: Shock (safe; 2% risk of failure)
Press: ? - help, Shift-Dir - straight line, p - ufetubus The zap hits the ufetubus!
You kill the ufetubus!
Vehumet accepts your kill.
Casting: Shock (safe; 2% risk of failure)
Confirm with . or Enter, or press ? or * to list all spells.
You don't know that spell.
A quokka comes into view.
The quokka bites you.
Casting: Shock (safe; 2% risk of failure)
Confirm with . or Enter, or press ? or * to list all spells.
Aiming: Shock (safe; 2% risk of failure)
Press: ? - help, Shift-Dir - straight line The zap hits the quokka.
You kill the quokka!
Vehumet accepts your kill.
An ogre comes into view. It is wielding a +0 giant club.
Casting: Shock (safe; 2% risk of failure)
Confirm with . or Enter, or press ? or * to list all spells.
Aiming: Shock (safe; 2% risk of failure)
Press: ? - help, Shift-Dir - straight line The zap hits the ogre.
The ogre is lightly wounded.
The zap hits the ogre.
The ogre is lightly wounded.
Casting: Shock (safe; 2% risk of failure)
Confirm with . or Enter, or press ? or * to list all spells.
Aiming: Shock (safe; 2% risk of failure)
Press: ? - help, Shift-Dir - straight line You can't see that place.
Okay, then.
The ogre hits you with a +0 giant club!!
Ouch! That really hurt!
You die...

#.#
##.######
#.#
#...#.#.#
..#
#..#..#.##
##
#..###..#^#
#..# ##..##
#..# ##..#
#.# ##.# #.
##..# #
#.@##
#!O#.#
....#.##
#...# #.
#### ##


You could see an ogre.

Vanquished Creatures
  An ogre (D:4)
  Jessica (D:3)
  Natasha (D:4)
  6 adders
  An ufetubus (D:4)
  7 ball pythons
  5 bats
  7 endoplasms
  A giant cockroach (D:1)
  8 goblins
  3 hobgoblins
  11 jackals (D:1)
  4 quokkas
  2 frilled lizards
  6 kobolds
  A rat (D:3)
65 creatures vanquished.

Vanquished Creatures (others)
  9 plants (D:2)
9 creatures vanquished.

Grand Total: 74 creatures vanquished

Notes
Turn   | Place    | Note
-------+----------+-------------------------------------------
     0 | D:1      | hikkokomori the Deep Elf Air Elementalist began the quest
                  | for the Orb.
     0 | D:1      | Reached XP level 1. HP: 10/10 MP: 6/6
   191 | D:1      | Reached skill level 3 in Stealth
   191 | D:1      | Reached XP level 2. HP: 11/15 MP: 0/8
   625 | D:1      | Reached XP level 3. HP: 16/19 MP: 5/9
   660 | D:1      | Found Udeugoawn's Antique Armour Shoppe.
  1304 | D:2      | Found a faded altar of an unknown god.
  1478 | D:2      | Reached skill level 4 in Stealth
  1982 | D:2      | Learned a level 2 spell: Static Discharge
  1986 | D:2      | Learned a level 3 spell: Swiftness
  2069 | D:3      | Reached XP level 4. HP: 24/24 MP: 7/10
  2947 | D:3      | Noticed Jessica
  2951 | D:3      | Killed Jessica
  2989 | D:3      | Found a shimmering blue altar of Sif Muna.
  3030 | D:4      | Found a staircase to the Ecumenical Temple.
  3035 | D:4      | Reached XP level 5. HP: 28/28 MP: 7/12
  3042 | Temple   | Entered the Ecumenical Temple
  3127 | Temple   | Became a worshipper of Vehumet
  3380 | D:4      | Noticed Natasha
  3386 | D:4      | Killed Natasha
  3425 | D:4      | Identified the amulet of Moral Flaws {Harm Regen+}
  3493 | D:4      | Noticed an ogre
  3499 | D:4      | Killed an ogre
  3500 | D:4      | Reached skill level 5 in Stealth
  3612 | D:4      | Found an iron altar of Okawaru.
  3676 | D:4      | Noticed an ogre
  3678 | D:4      | Mangled by an ogre

Illustrated notes

Levels and vault maps discovered:
D:1:      dpeg_arrival_line_fractal, layout_loops_cross, serial_shops, shop,
          corexii_corridor_pit, minmay_octomino_e4
D:2:      layout_basic, hellmonk_ecumenical_altar_blasted, serial_forest,
          infiniplex_forest_clump_medium, infiniplex_forest_clump_cross,
          infiniplex_forest_lined_3, infiniplex_forest_lined_3,
          infiniplex_forest_clump_cross, infiniplex_forest_lined_2,
          infiniplex_forest_clump_medium, infiniplex_forest_end_2,
          infiniplex_forest_diagonal, infiniplex_forest_straight_2
D:3:      layout_basic, tgw_sif
D:4:      minmay_diamond_boxcup, layout_loops_ring, okawaru_metal_pillars_1_2,
          minmay_temple_entry_wispy, uniq_natasha
Temple:   grunt_temple_mini_profane

Skill      XL: |  1  2  3  4  5 |
---------------+----------------+-----
Stealth        | 3 4 5 |  5.1
Air Magic      | 4 |  4.6
Conjurations   | 2 |  2.5
Spellcasting   | 4 |  4.2
Dodging        | |  2.4

Action                   |  1- 3 |  4- 6 || total
-------------------------+-------+-------++-------
 Fire: Sling             |    30 |       ||    30
 Cast: Shock             |    74 |    57 ||   131
Armor: Robe              |     9 |     3 ||    12
Dodge: Dodged            |    34 |     9 ||    43

Table legend: (Time is in decaauts)
 A = Elapsed time spent in this place.
 B = Non-inter-level travel time spent in this place.
 C = Inter-level travel time spent in this place.
 D = Time resting spent in this place.
 E = Time spent auto-exploring this place.
 F = Levels seen in this place.
 G = Mean time per level.
                   A        B        C        D        E       F      G
               +--------+--------+--------+--------+--------+-----+--------+
         Total |   3690 |   3595 |     95 |     40 |   3196 |   5 |  738.0 |
       Dungeon |   3448 |   3377 |     71 |     40 |   2986 |   4 |  862.0 |
        Temple |    241 |    217 |     24 |      0 |    210 |   1 |  241.0 |
               +--------+--------+--------+--------+--------+-----+--------+

Top non-repeatable levels by time:
     D:1: 1052 daAuts
     D:3: 1025 daAuts
     D:2: 964 daAuts
     D:4: 406 daAuts
  Temple: 241 daAuts
